 Dungeon Crawl Stone Soup version 0.18.1-5-g4a78601 (webtiles) character file.

175 Inkary the Covered (level 5, 0/48 HPs)
             Began as a Minotaur Fighter on May 12, 2016.
             Succumbed to a killer bee's poison
             ... on level 3 of the Dungeon.
             The game lasted 00:02:55 (1903 turns).

Inkary the Covered (Minotaur Fighter)               Turns: 1903, Time: 00:02:56

Health: 0/48       AC:  7    Str: 22    XL:     5   Next: 29%
Magic:  4/4        EV:  9    Int:  5    God:
Gold:   136        SH:  0    Dex: 11    Spells: 0 memorised, 4 levels left

rFire  x . .     SeeInvis .     a - +0 flail
rCold  + . .     Gourm    .     b - +0 scale mail
rNeg   . . .     Faith    .     (no shield)
rPois  .         Spirit   .     (helmet restricted)
rElec  .         Dismiss  .     (no cloak)
rCorr  .         Reflect  .     (no gloves)
SustAt .         Harm     .     (no boots)
MR     .....                    s - amulet of regeneration
Stlth  ..........               k - ring of ice
                                h - +2 ring of strength

@: lethally poisoned (0 -> -10), not resistant to hostile enchantments,
extremely unstealthy
A: retaliatory headbutt, horns 2
a: no special abilities


You were on level 3 of the Dungeon.
You were not hungry.

You visited 1 branch of the dungeon, and saw 3 of its levels.

You collected 136 gold pieces.

Inventory:

Hand Weapons
 a - a +0 flail (weapon)
Armour
 b - a +0 scale mail (worn)
 c - a +0 shield
Jewellery
 h - a +2 ring of strength (left hand)
 k - a ring of ice (right hand)
 s - an amulet of regeneration (around neck)
Scrolls
 e - a scroll of amnesia {unknown}
 g - a scroll of recharging {unknown}
 i - a scroll of magic mapping {unknown}
 j - 2 scrolls of identify {unknown}
 t - a scroll of enchant armour {unknown}
Potions
 d - a potion of might
 l - a potion of magic {unknown}
 n - a potion of berserk rage {unknown}
 p - a potion of heal wounds {unknown}
 q - a potion of lignification {unknown}
Comestibles
 f - a bread ration
 m - 5 chunks of flesh
 o - a slice of pizza
 r - a meat ration
 u - 16 fruits


   Skills:
 + Level 5.1 Fighting
 + Level 4.2 Maces & Flails
 + Level 5.2 Armour
 - Level 3.6 Shields


You had 4 spell levels left.
You didn't know any spells.

Dungeon Overview and Level Annotations

Branches:
Dungeon (3/15)

Altars:
Dithmenos
The Shining One


Innate Abilities, Weirdness & Mutations

You reflexively headbutt those who attack you in melee.
You have a pair of horns on your head.


Message History

* * * LOW HITPOINT WARNING * * *
You feel very sick. The killer bee closely misses you.
The killer bee stings you.
* * * LOW HITPOINT WARNING * * *
The killer bee barely misses you. The orc hits you but does no damage.
The killer bee stings you.
* * * LOW HITPOINT WARNING * * *
The killer bee barely misses you. You furiously retaliate!
You headbutt the killer bee!
You kill the killer bee!
Your Fighting skill increases to level 5!
Your Maces & Flails skill increases to level 4!
You have reached level 5!
An orc comes into view. It is wielding a whip.
Unknown command.
You miss the killer bee.
The orc shouts!
Your headbutt misses the killer bee.
The killer bee is moderately wounded.
You die...

...# #.#
##..##
...########.#
#....#
.....##.....#
###..#
.....#..#####
#..##
.......##
##...#
≈.####.#
##...## ..##
#.#
#####8....#
...# #..
#..y#.....#
.#.# ##..
#._@oy....#
..... ##.
#...#y....#
....## ..
#####8....#
.....#### .##
##..o##
###...... ..
#.o.#
........##.#
##.o#
........#..##
#..#
............#


yy. .........#..# You could see 3 killer bees and 2 orcs.

Vanquished Creatures
  2 killer bees (D:3)
  Jessica (D:3)
  An adder (D:2)
  A worm (D:2)
  3 giant geckos (D:2)
  7 bats
  8 giant cockroaches
  5 goblins
  5 hobgoblins
  A quokka (D:2)
  A ball python (D:2)
  3 giant newts
  6 kobolds
  6 rats
50 creatures vanquished.

Notes
Turn   | Place    | Note
--------------------------------------------------------------
     0 | D:1      | Inkary the Minotaur Fighter began the quest for the Orb.
     0 | D:1      | Reached XP level 1. HP: 19/19 MP: 0/0
   318 | D:1      | Reached XP level 2. HP: 27/27 MP: 1/1
   971 | D:2      | Reached XP level 3. HP: 32/33 MP: 2/2
  1310 | D:2      | Found a shadowy altar of Dithmenos.
  1686 | D:3      | Noticed Jessica
  1697 | D:3      | Killed Jessica
  1697 | D:3      | Reached XP level 4. HP: 41/41 MP: 3/3
  1888 | D:3      | Found a glowing golden altar of the Shining One.
  1898 | D:3      | Reached skill level 5 in Armour
  1902 | D:3      | HP: 2/41 [killer bee (4)]
  1902 | D:3      | Reached skill level 5 in Fighting
  1902 | D:3      | Reached XP level 5. HP: 1/48 MP: 4/4
  1903 | D:3      | Succumbed to a killer bee's poison

Skill      XL: |  1  2  3  4 |
---------------+-------------+-----
Fighting       | 4 5 |  5.1
Armour         | 4 5 |  5.2
Maces & Flails | 3 4 |  4.2
Shields        | |  3.6

Action                   |  1- 3 |  4- 6 || total
-------------------------+-------+-------++-------
Melee: Flail             |    78 |    18 ||    96
       Headbutt          |    14 |     1 ||    15
  Eat: Chunk             |     2 |     1 ||     3
Armor: Scale mail        |    48 |    10 ||    58
Dodge: Dodged            |    35 |    14 ||    49
